 Dungeon Crawl Stone Soup version 0.23-a0-208-gb6b040f (webtiles) character file.

37464 mopl the Grappler (level 13, -1/102 HPs)
             Began as a Barachi Transmuter on Sept 25, 2018.
             Was the Champion of Cheibriados.
             Slain by a catoblepas (22 damage)
             ... on level 5 of the Lair of Beasts.
             The game lasted 00:45:57 (18616 turns).

mopl the Grappler (Barachi Transmuter)             Turns: 18616, Time: 00:45:57

Health: -1/102     AC:  4    Str: 30    XL:     13   Next: 96%
Magic:  23/29      EV: 26    Int: 31    God:    Cheibriados [******]
Gold:   728        SH:  0    Dex: 27    Spells: 6/20 levels left

rFire    + . .     SeeInvis .     - Unarmed
rCold    + . .     Gourm    .   (shield currently unavailable)
rNeg     . . .     Faith    .   P - +0 robe {MR+}
rPois    .         Spirit   .   L - +0 helmet
rElec    .         Reflect  .   C - scarf {rC+ rF+}
rCorr    .         Harm     .   (gloves currently unavailable)
MR       +....                  l - +0 pair of boots
Stlth    ++........             (no amulet)
HPRegen  0.27/turn              f - ring of magical power
MPRegen  0.21/turn              h - +4 ring of evasion

@: blade hands, very slow
A: +LOS, swims, slowness 1, strong legs 2
a: Hop, End Transformation, Bend Time, Temporal Distortion, Slouch, Step From
Time, Renounce Religion


You were on level 5 of the Lair of Beasts.
You worshipped Cheibriados.
Cheibriados was exalted by your worship.
You were not hungry.
You had blades for hands.
You visited 3 branches of the dungeon, and saw 16 of its levels.
You also visited: Labyrinth and Ossuary.

You collected 728 gold pieces.

Inventory:

Hand Weapons
 b - a +0 hunting sling
Missiles
 a - 281 arrows
 c - 470 stones
 t - 186 sling bullets
 v - 15 javelins
 H - 2 throwing nets (quivered)
Armour
 l - a +0 pair of boots (worn)
 m - a +0 pair of gloves (melded)
 C - a scarf of resistance (worn)
 L - a +0 helmet (worn)
 P - a +0 robe of magic resistance (worn)
Magical Staves
 K - an uncursed staff of death
Jewellery
 f - a ring of magical power (left scythe-like blade)
 h - a +4 ring of evasion (right scythe-like blade)
 r - an uncursed ring of fire
 A - an uncursed ring of protection from fire
 W - an uncursed ring of protection from fire
Wands
 y - a wand of digging (7)
 I - a wand of paralysis (6)
 N - a wand of polymorph (22)
 O - a wand of flame (34)
 Q - a wand of acid (18)
 Y - a wand of scattershot (8)
Scrolls
 g - 4 scrolls of fog {unknown}
 o - 3 scrolls of enchant weapon {unknown}
 p - 6 scrolls of remove curse
 s - 4 scrolls of teleportation
 w - 4 scrolls of noise {unknown}
 x - 3 scrolls of enchant armour {unknown}
 B - 4 scrolls of magic mapping {unknown}
 F - a scroll of fear {unknown}
 G - a scroll of random uselessness {unknown}
 T - a scroll of blinking {unknown}
 V - 2 scrolls of holy word {unknown}
Potions
 e - 2 potions of agility
 i - a potion of cancellation
 j - 7 potions of curing
 k - 2 potions of ambrosia
 n - 3 potions of heal wounds
 q - 6 potions of flight
 u - 4 potions of lignification {!q}
 z - 3 potions of brilliance
 D - 2 potions of might {unknown}
 M - 2 potions of resistance
Miscellaneous
 R - a sack of spiders
Comestibles
 d - 35 rations
 E - 6 chunks of flesh


   Skills:
 + Level 9.7 Fighting
 + Level 8.1 Throwing
 * Level 1.1 Armour
 + Level 9.2 Dodging
 * Level 14.0 Unarmed Combat
 - Level 4.0 Spellcasting
 - Level 8.0 Transmutations
 - Level 3.1 Ice Magic
 - Level 2.3 Poison Magic
 * Level 10.5 Invocations


You had 6 spell levels left.
You knew the following spells:

 Your Spells              Type           Power        Failure   Level  Hunger
b - Spider Form           Tmut/Pois      #####.....   22%         3    ##.....
c - Blade Hands           Tmut           ######....   36%         5    #####..
d - Ice Form              Ice/Tmut       #####...     36%         4    ####...
w - Sticks to Snakes      Tmut           ######..     11%         2    None

Your spell library contained the following spells:

 Spells                   Type           Power        Failure   Level  Hunger
 Beastly Appendage        Tmut           ######       9%          1    None
 Ensorcelled Hibernation  Hex/Ice        ###...       32%         2    None
 Corona                   Hex            #......      36%         1    None
 Summon Butterflies       Summ           #.......     36%         1    None
 Summon Small Mammal      Summ           #...         36%         1    None
 Blink                    Tloc           N/A          43%         2    None
 Call Imp                 Summ           #.......     43%         2    None
 Shroud of Golubria       Chrm/Tloc      #.........   43%         2    None
 Slow                     Hex            #.......     43%         2    None
 Call Canine Familiar     Summ           #.......     61%         3    ##.....
 Confuse                  Hex            #.......     61%         3    ##.....
 Dazzling Spray           Conj/Hex       #.....       61%         3    ##.....
 Gell's Gravitas          Tloc           #.........   61%         3    ##.....
 Inner Flame              Hex/Fire       #.......     61%         3    ##.....
 Lesser Beckoning         Tloc           #.........   61%         3    ##.....
 Portal Projectile        Hex/Tloc       #.....       61%         3    ##.....
 Recall                   Summ/Tloc      N/A          61%         3    ##.....
 Summon Guardian Golem    Hex/Summ       #.......     61%         3    ##.....
 Teleport Other           Tloc           #.......     61%         3    ##.....
 Tukima's Dance           Hex            #.......     61%         3    ##.....
 Summon Ice Beast         Ice/Summ       ###.....     73%         4    ####...
 Animate Dead             Necr           N/A          88%         4    ####...
 Cause Fear               Hex            #.........   88%         4    ####...
 Leda's Liquefaction      Hex/Erth       #.........   88%         4    ####...
 Passage of Golubria      Tloc           N/A          88%         4    ####...
 Summon Lightning Spire   Summ/Air       #.......     88%         4    ####...
 Borgnjor's Vile Clutch   Necr/Erth      #.........   99%         5    #####..
 Summon Mana Viper        Hex/Summ       #.......     99%         5    #####..
 Death Channel            Necr           #.........   100%        6    #######
 Simulacrum               Ice/Necr       ###.......   100%        6    #######
 Summon Hydra             Summ           #.........   100%        7    #######


Dungeon Overview and Level Annotations

Branches:
Dungeon (10/15)            Temple (1/1) D:5            Lair (5/6) D:9
  Swamp (0/4) Lair:2       Spider (0/4) Lair:3
  Slime: Lair:5-6       Orc: D:9-12

Altars:
Ashenzari
Cheibriados
Fedhas
Gozag
Hepliaklqana
Kikubaaqudgha
Okawaru
Qazlal
Ru
Trog
Vehumet
Wu Jian
Xom
The Shining One


Innate Abilities, Weirdness & Mutations

Shadows flee at your approach. (+LOS)
You can swim through water.
You cover ground slowly.
You can hop long distances.


Message History

The water moccasin is engulfed in calcifying dust. x2
The catoblepas closely misses you.
You slice the catoblepas!!
The catoblepas is severely wounded.
The water moccasin is engulfed in calcifying dust. x2
You hit the catoblepas but do no damage.
The catoblepas is severely wounded.
The catoblepas completely misses you.
The water moccasin is engulfed in calcifying dust.
You slash the catoblepas!
The catoblepas is almost dead.
The water moccasin is engulfed in calcifying dust. x2
The catoblepas breathes a plume of calcifying dust at you.
The blast of calcifying dust hits you!
* * * LOW HITPOINT WARNING * * *
Unknown command.
You slash the catoblepas!
The catoblepas is almost dead.
You are engulfed in calcifying dust.
The catoblepas gores you!!
You die...

......>.......<....#.#..P.
..PP#.......#....###....#.
..PP...#....#####....#.P..
.......#.P.....#....<....
......#....P..........#..
..#....#.#..#....#......#
......#.....#.##.P...P.##.
.P. #P.P....#.Y....S....
.........#.@...!#....
...#......P.§....# .
..PP........§........
.....P#..........>...
.P.##...............
...#...............P
..#............... .
................
............#...


You could see a catoblepas and a water moccasin (petrified).

Vanquished Creatures
  Kirke (Lair:4)
  A minotaur (Lab)
  Harold (D:7)
  4 hydras
  An ice dragon (Lair:5)
  A two-headed ogre (D:9)
  2 lindwurms (Lair:3)
  7 elephants
  2 torpor snails
  A black mamba (Lair:4)
  Joseph (Lair:1)
  8 spiny frogs
  2 rime drakes
  6 komodo dragons
  A minotaur skeleton (Lab)
  A hornet (D:9)
  A polar bear (Lair:3)
  21 blink frogs
  4 hippogriffs
  4 dream sheep (Lair:5)
  2 redbacks (Lab)
  A wyvern (Lair:3)
  Sigmund (D:3)
  6 hogs (Lair:4)
  A wraith (D:10)
  32 yaks
  2 basilisks
  3 vampire mosquitoes (D:10)
  A hungry ghost (Lab)
  A soldier ant (D:9)
  10 water moccasins
  7 orc warriors
  4 porcupines
  6 sky beasts
  An ice beast (D:6)
  A necrophage (D:10)
  2 black bears
  3 ogres
  3 phantoms
  An eye of draining (D:8)
  8 wolves
  5 centaurs
  7 crocodiles
  18 bullfrogs
  2 wyvern skeletons
  6 scorpions
  4 howler monkeys
  10 wights
  3 electric eels
  A crimson imp (D:5)
  A quasit (D:9)
  A jelly (D:7)
  3 hounds
  9 orc priests
  A bullfrog skeleton (D:6)
  13 orc wizards
  A centaur skeleton (D:10)
  An iguana (D:6)
  6 worker ants
  A hound skeleton (D:2)
  2 mummies (Ossuary)
  3 gnolls
  11 adders
  2 shadow imps (D:6)
  3 white imps (Lair:5)
  6 adder zombies
  5 worms
  A dart slug (D:2)
  4 leopard geckos
  44 orcs
  5 giant cockroaches
  19 goblins
  16 hobgoblins
  7 jackals (D:2)
  5 quokkas
  8 bats
  5 frilled lizards
  A giant cockroach zombie (D:5)
  A gnoll zombie (Ossuary)
  2 hobgoblin zombies (Ossuary)
  14 kobolds
  8 kobold zombies (Ossuary)
  2 orc zombies (Ossuary)
  A quokka skeleton (D:8)
  7 rats
441 creatures vanquished.

Vanquished Creatures (collateral kills)
  A kobold (D:1)
1 creature vanquished.

Vanquished Creatures (others)
  A hobgoblin zombie (Ossuary)
  2 bushes (Lair:3)
  16 fungi
  10 plants
  8 toadstools (Lair:3)
37 creatures vanquished.

Grand Total: 479 creatures vanquished

Notes
Turn   | Place    | Note
-------+----------+-------------------------------------------
     0 | D:1      | mopl the Barachi Transmuter began the quest for the Orb.
     0 | D:1      | Reached XP level 1. HP: 15/15 MP: 3/3
   103 | D:1      | Reached XP level 2. HP: 4/21 MP: 3/5
   349 | D:1      | Learned a level 2 spell: Sticks to Snakes
   433 | D:1      | HP: 1/21 [kobold (4)]
  1424 | D:1      | Reached XP level 3. HP: 18/26 MP: 6/6
  1443 | D:1      | Learned a level 3 spell: Spider Form
  1518 | D:2      | Reached skill level 4 in Unarmed Combat
  1719 | D:2      | Reached XP level 4. HP: 10/32 MP: 8/8
  1998 | D:2      | Reached skill level 3 in Transmutations
  1998 | D:2      | Reached skill level 1 in Poison Magic
  2028 | D:2      | Found a shimmering altar of Xom.
  2031 | D:2      | Found a shimmering altar of Xom.
  2031 | D:2      | Found a shimmering altar of Xom.
  2066 | D:2      | Found a shimmering altar of Xom.
  2812 | D:3      | Reached skill level 3 in Spellcasting
  3241 | D:3      | Reached XP level 5. HP: 35/37 MP: 9/9
  3298 | D:3      | Found a sacrificial altar of Ru.
  3624 | D:3      | Noticed Sigmund
  3651 | D:3      | Killed Sigmund
  3651 | D:3      | Reached skill level 5 in Unarmed Combat
  3651 | D:3      | Reached skill level 2 in Poison Magic
  3651 | D:3      | Reached XP level 6. HP: 43/43 MP: 11/11
  3657 | D:3      | Found an ornate altar of the Wu Jian Council.
  3666 | D:3      | Found a glowing golden altar of the Shining One.
  3707 | D:4      | Learned a level 4 spell: Ice Form
  3794 | D:4      | Found a sand-covered staircase.
  3828 | Ossuary  | Entered an ossuary
  4075 | Ossuary  | Reached skill level 4 in Transmutations
  4321 | D:4      | Noticed a phantom
  4341 | D:4      | Killed a phantom
  4341 | D:4      | Reached skill level 6 in Unarmed Combat
  4341 | D:4      | Reached skill level 1 in Ice Magic
  4341 | D:4      | Reached XP level 7. HP: 29/48 MP: 12/12
  4606 | D:4      | Reached skill level 4 in Spellcasting
  4847 | D:4      | Reached skill level 2 in Ice Magic
  5639 | D:5      | Entered Level 5 of the Dungeon
  5838 | D:5      | Reached skill level 7 in Unarmed Combat
  5838 | D:5      | Reached skill level 5 in Transmutations
  5838 | D:5      | Reached skill level 3 in Ice Magic
  5838 | D:5      | Reached XP level 8. HP: 47/54 MP: 14/14
  5938 | D:5      | Found a staircase to the Ecumenical Temple.
  5968 | Temple   | Entered the Ecumenical Temple
  5977 | Temple   | Became a worshipper of Cheibriados the Contemplative
  6204 | D:5      | Reached skill level 2 in Fighting
  6204 | D:5      | Reached skill level 1 in Throwing
  6204 | D:5      | Reached skill level 1 in Invocations
  7060 | D:6      | Reached skill level 3 in Dodging
  7275 | D:6      | Reached skill level 8 in Unarmed Combat
  7275 | D:6      | Reached skill level 2 in Invocations
  7319 | D:6      | Reached skill level 2 in Throwing
  7320 | D:6      | Reached XP level 9. HP: 30/62 MP: 15/15
  7332 | D:6      | Reached skill level 3 in Fighting
  7876 | D:6      | Reached * piety under Cheibriados
  7908 | D:6      | Reached skill level 3 in Invocations
  8124 | D:7      | Noticed a moth of wrath
  8125 | D:7      | Noticed Harold
  8128 | D:7      | Found a bloodstained altar of Trog.
  8307 | D:7      | Found a bloodstained altar of Trog.
  8391 | D:7      | Killed Harold
  8391 | D:7      | Reached skill level 4 in Fighting
  8391 | D:7      | Reached skill level 3 in Throwing
  8391 | D:7      | Reached skill level 4 in Dodging
  8391 | D:7      | Reached skill level 9 in Unarmed Combat
  8391 | D:7      | Reached skill level 6 in Transmutations
  8391 | D:7      | Reached skill level 4 in Invocations
  8507 | D:7      | Learned a level 5 spell: Blade Hands
  8688 | D:7      | Got a twisted chain mail
  9193 | D:8      | Reached ** piety under Cheibriados
  9753 | D:8      | Reached XP level 10. HP: 44/73 MP: 16/16
 10108 | D:9      | Noticed a two-headed ogre
 10411 | D:9      | Reached *** piety under Cheibriados
 10411 | D:9      | Reached skill level 5 in Invocations
 10442 | D:9      | Reached skill level 5 in Dodging
 10467 | D:9      | Reached skill level 5 in Fighting
 10502 | D:9      | Found a staircase to the Lair.
 10562 | D:9      | Reached skill level 4 in Throwing
 10623 | D:9      | Killed a two-headed ogre
 10623 | D:9      | Reached skill level 10 in Unarmed Combat
 10623 | D:9      | Reached skill level 7 in Transmutations
 11321 | D:9      | Reached **** piety under Cheibriados
 11488 | D:9      | Reached skill level 6 in Invocations
 11662 | D:10     | Entered Level 10 of the Dungeon
 11671 | D:9      | Reached XP level 11. HP: 64/81 MP: 11/17
 11715 | D:10     | Reached skill level 6 in Fighting
 11786 | D:10     | Reached skill level 6 in Dodging
 11893 | D:10     | Reached skill level 5 in Throwing
 11927 | D:10     | Reached ***** piety under Cheibriados
 12030 | D:10     | Reached skill level 11 in Unarmed Combat
 12703 | Lair:1   | Entered Level 1 of the Lair of Beasts
 12704 | Lair:1   | Noticed a five-headed hydra
 12827 | Lair:1   | Reached skill level 8 in Transmutations
 12827 | Lair:1   | Reached skill level 7 in Invocations
 13080 | Lair:1   | Reached skill level 7 in Fighting
 13097 | Lair:1   | Killed a five-headed hydra
 13097 | Lair:1   | Reached skill level 7 in Dodging
 13097 | Lair:1   | Reached XP level 12. HP: 91/91 MP: 18/18
 13296 | Lair:1   | Noticed Joseph
 13307 | Lair:1   | Killed Joseph
 13307 | Lair:1   | Reached skill level 6 in Throwing
 13313 | Lair:1   | Reached skill level 8 in Invocations
 13688 | Lair:2   | Reached skill level 12 in Unarmed Combat
 14117 | Lair:2   | Noticed a six-headed hydra
 14127 | Lair:2   | Killed a six-headed hydra
 14133 | Lair:2   | Found a staircase to the Swamp.
 15089 | Lair:2   | Got an ichor-stained scale mail
 15101 | Lair:3   | Reached skill level 8 in Fighting
 15126 | Lair:3   | Reached ****** piety under Cheibriados
 15417 | Lair:3   | Found a hole to the Spider Nest.
 15623 | Lair:3   | Reached skill level 9 in Invocations
 15658 | Lair:3   | Found a runed door.
 15704 | Lair:3   | Reached skill level 8 in Dodging
 15763 | Lair:3   | Reached skill level 7 in Throwing
 15763 | Lair:3   | Gained mutation: You can hop long distances. [Barachi
                  | growth]
 15763 | Lair:3   | Reached XP level 13. HP: 96/99 MP: 19/19
 15847 | Lair:3   | Reached skill level 13 in Unarmed Combat
 16188 | Lair:4   | Found a labyrinth entrance.
 16202 | Lair:4   | Found a runed door.
 16212 | Lab      | Entered a labyrinth
 16234 | Lab      | Reached skill level 9 in Fighting
 17019 | Lab      | Noticed a minotaur
 17030 | Lab      | Killed a minotaur
 17039 | Lab      | Found the +8 orange crystal plate armour {Archmagi, Int+3
                  | Clar}
 17109 | Lab      | Identified the +1 chain mail of the Undertaker {rN+ Stlth+}
                  | (You found it on level 7 of the Dungeon)
 17119 | Lab      | Identified the cursed +1 scale mail "Zig Tiw" {+Blink rC+
                  | rN+ Int+4} (You found it on level 2 of the Lair of Beasts)
 17446 | Lair:4   | Noticed Kirke
 17481 | Lair:4   | Killed Kirke
 17481 | Lair:4   | Reached skill level 10 in Invocations
 18314 | Lair:5   | Reached skill level 9 in Dodging
 18341 | Lair:5   | Noticed an ice dragon
 18346 | Lair:5   | Killed an ice dragon
 18525 | Lair:5   | Reached skill level 8 in Throwing
 18589 | Lair:5   | Reached skill level 1 in Armour
 18589 | Lair:5   | Reached skill level 14 in Unarmed Combat
 18616 | Lair:5   | Slain by a catoblepas

Vault maps used:
D:1:      dpeg_arrival_concentric_ovals
D:2:      xom_redecorated, serial_co_window_serial, co_window_corner_a,
          co_window_paths_a, co_window_of_opportunity_a, co_window_paths_b,
          co_window_corner_a, co_window_broadway_c, co_window_broadway_b,
          co_window_of_opportunity_b, co_window_paths_d, co_window_4corner_b,
          glass_columns_c
D:3:      minitemple, first_ration, nicolae_ru_sacrificial_ziggurat,
          uniq_sigmund
D:4:      corexii_shantytown, enter_ossuary_1, dk_vineyard_1
D:5:      minmay_temple_entry_statues_fountains, minmay_bent
D:7:      kennysheep_mini, tgw_trog, uniq_harold
D:9:      due_lair_maze_entry_diamond, hangedman_pestilent_swarm
Temple:   eino_narrow_crystal_temple
Lair:1:   grunt_megastairs_3, uniq_joseph
Lair:2:   swamp_mist, infiniplex_staircase_pool
Lair:3:   gammafunk_lair_enchanted_lake, nicolae_spider_entry_non_spiders
Lair:4:   lab_entry_generic, st_stairs_9, pf_torpor_hydra, uniq_kirke
Lair:5:   bobbens_ice_dragon_lair, grunt_megastairs_4
Lab:      labyrinth_skeletal_remains, nicolae_lab_t_cross, nicolae_lab_hexagon
Ossuary:  ossuary_tomb_2

Skill      XL: |  1  2  3  4  5  6  7  8  9 10 11 12 13 |
---------------+----------------------------------------+-----
Unarmed Combat | 4 5 6 7 8 9 10 11 12 14 | 14.0
Transmutations | 3 4 5 6 7 8 |  8.0
Poison Magic   | 1 2 |  2.3
Spellcasting   | 3 4 |  4.0
Ice Magic      | 1 3 |  3.1
Fighting       | 2 4 5 7 8 9 |  9.7
Throwing       | 2 3 4 5 7 8 |  8.1
Invocations    | 2 4 6 7 9 10 | 10.5
Dodging        | 3 4 5 7 8 9 |  9.2
Armour         | 1 |  1.1

Action                   |  1- 3 |  4- 6 |  7- 9 | 10-12 | 13-15 || total
-------------------------+-------+-------+-------+-------+-------++-------
Melee: Unarmed           |   114 |   247 |   349 |   423 |   139 ||  1272
       Kick              |     5 |       |       |       |       ||     5
       Headbutt          |     2 |       |       |       |       ||     2
       Punch             |     1 |     3 |     2 |    14 |    14 ||    34
 Fire: Hunting sling     |       |       |       |    26 |    37 ||    63
Throw: Stone             |       |       |       |    14 |     4 ||    18
       Tomahawk          |       |       |       |     2 |     2 ||     4
       Throwing net      |       |       |       |       |     3 ||     3
 Cast: Beastly Appendage |    11 |       |       |       |       ||    11
       Sticks to Snakes  |     4 |       |     1 |       |       ||     5
       Spider Form       |     4 |    22 |    30 |    17 |       ||    73
       Ice Form          |       |       |     5 |    14 |     9 ||    28
       Blade Hands       |       |       |       |    23 |    12 ||    35
Invok: Slouch            |       |       |       |     1 |     2 ||     3
       Temporal Distorti |       |       |       |     1 |       ||     1
 Abil: Hop               |     1 |       |       |     3 |       ||     4
       End Transformatio |       |     3 |     3 |    11 |     5 ||    22
  Use: Scroll            |       |     7 |     9 |     3 |     1 ||    20
       Potion            |       |     2 |     5 |       |     2 ||     9
 Stab: Sleeping          |       |       |     3 |     1 |     2 ||     6
       Distracted        |       |       |       |     1 |       ||     1
       Held in net/web   |       |       |       |       |     2 ||     2
  Eat: Chunk             |     1 |    10 |    15 |    21 |     8 ||    55
       Ration            |     1 |     1 |     1 |     1 |     1 ||     5
Armor: Robe              |    15 |    28 |    14 |    10 |     4 ||    71
       Skin              |     1 |     6 |    18 |    24 |     1 ||    50
Dodge: Dodged            |    82 |   159 |   237 |   353 |    91 ||   922

Table legend:
 A = Non-vault XP
 B = Vault XP
 C = Vault XP percentage of total XP
 D = Non-vault monster count
 E = Vault monster count
 F = Vault count percentage of total count
                 A         B        C        D         E       F
            +---------+---------+-------+---------+---------+-------
      Total |   38045 |   15476 |  28.9 |     329 |     113 |  25.6
            +---------+---------+-------+---------+---------+-------
        D:1 |      34 |       0 |   0.0 |      16 |       0 |   0.0
        D:2 |      98 |       0 |   0.0 |      35 |       0 |   0.0
        D:3 |      51 |     208 |  80.3 |      15 |       1 |   6.2
        D:4 |     415 |      78 |  15.8 |      13 |      25 |  65.8
        D:5 |     564 |     241 |  29.9 |      11 |       2 |  15.4
        D:6 |    1022 |       0 |   0.0 |      24 |       0 |   0.0
        D:7 |     333 |     985 |  74.7 |       9 |       6 |  40.0
        D:8 |     766 |       0 |   0.0 |      21 |       0 |   0.0
        D:9 |    3238 |    1300 |  28.6 |      41 |      12 |  22.6
       D:10 |    4263 |       0 |   0.0 |      44 |       0 |   0.0
     Lair:1 |    6779 |     717 |   9.6 |      30 |       3 |   9.1
     Lair:2 |    4098 |       0 |   0.0 |      16 |       0 |   0.0
     Lair:3 |    7162 |    3889 |  35.2 |      25 |      18 |  41.9
     Lair:4 |    3557 |    4533 |  56.0 |      13 |       9 |  40.9
     Lair:5 |    4419 |    2512 |  36.2 |      15 |      13 |  46.4
        Lab |    1246 |     937 |  42.9 |       1 |       4 |  80.0
    Ossuary |       0 |      76 | 100.0 |       0 |      20 | 100.0
            +---------+---------+-------+---------+---------+-------
